 Dungeon Crawl Stone Soup version 0.30-a0-748-ge6a52f7cba (webtiles) character file.

Game seed: 2759212298542120606

51 hikkokomori the Magician (level 3, -1/19 HPs)
             Began as a Deep Elf Hedge Wizard on Feb 9, 2023.
             Succumbed to an adder's poison
             ... on level 2 of the Dungeon.
             The game lasted 00:01:56 (974 turns).

hikkokomori the Magician (Deep Elf Hedge Wizard)     Turns: 974, Time: 00:01:56

Health: -1/19      AC:  2    Str:  7    XL:     3   Next: 57%
Magic:  0/11       EV: 12    Int: 18    God:
Gold:   28         SH:  0    Dex: 16    Spells: 10/11 levels left

rFire   . . .      SeeInvis .    a - +0 dagger
rCold   . . .      Faith    .    (no shield)
rNeg    . . .      Spirit   .    b - +0 robe
rPois   .          Reflect  .    c - +0 hat
rElec   .          Harm     .    (no cloak)
rCorr   .          Rampage  .    (no gloves)
Will    .....                    (no boots)
Stlth   ++                       (no amulet)
HPRegen 0.23/turn                (no ring)
MPRegen 0.12/turn                (no ring)

@: lethally poisoned (-1 -> -10), flying
A: no striking features
a: no special abilities


You were on level 2 of the Dungeon.
You visited 1 branch of the dungeon, and saw 2 of its levels.

You collected 28 gold pieces.

Inventory:

Hand Weapons
 a - a +0 dagger (weapon)
Armour
 b - a +0 robe (worn)
 c - a +0 hat (worn)
Jewellery
 g - a ring of fire
Scrolls
 e - a scroll of identify {unknown}
 f - a scroll of teleportation {unknown}
 h - a scroll of blinking {unknown}
 j - a scroll of fear {unknown}
Potions
 d - a potion of magic
 i - a potion of invisibility {unknown}


   Skills:
 - Level 2.4 Dodging
 + Level 3.1 Stealth
 + Level 4.8 Spellcasting
 + Level 1.9 Conjurations
 + Level 2.0 Summonings
 + Level 1.9 Translocations


You had 10 spell levels left.
You knew the following spells:

 Your Spells              Type           Power      Damage    Failure   Level
a - Magic Dart            Conj           44%        1d5       6%          1

Your spell library contained the following spells:

 Spells                   Type           Power      Damage    Failure   Level
 Apportation              Tloc           22%        N/A       6%          1
 Summon Small Mammal      Summ           44%        N/A       6%          1
 Blink                    Tloc           22%        N/A       9%          2
 Call Imp                 Summ           11%        N/A       9%          2
 Necrotise                Necr           16%        1d4       14%         1
 Slow                     Hex            16%        N/A       14%         1
 Cigotuvi's Dreadful Rot  Necr/Pois/Air  8%         N/A       21%         2
 Mephitic Cloud           Conj/Pois/Air  6%         N/A       30%         3


Dungeon Overview and Level Annotations

Branches:
Dungeon (2/15)

Altars:


Message History

The adder poisons you!
You barely miss the adder.
The adder is heavily wounded.
You feel sick. The adder barely misses you.
The adder bites you but does no damage.
Your magical contamination has completely faded away.
You closely miss the adder.
The adder is heavily wounded.
You feel sick. The adder bites you.
You are lethally poisoned!
The adder poisons you!
You are too injured to fight recklessly!
You are too injured to fight recklessly!
You are too injured to fight recklessly!
Okay, then.
Casting: Magic Dart (safe; 6% risk of failure)
Confirm with . or Enter, or press ? or * to list all spells.
Aiming: Magic Dart (safe; 6% risk of failure)
Press: ? - help, Shift-Dir - straight line, f/p - adder
Aim: an adder (heavily wounded, 100% to hit)
The magic dart hits the adder.
The adder is severely wounded.
You feel sick. The adder bites you.
* * * LOW HITPOINT WARNING * * *
You are more poisoned.
The adder poisons you!
Casting: Magic Dart (safe; 6% risk of failure)
Confirm with . or Enter, or press ? or * to list all spells.
Aiming: Magic Dart (safe; 6% risk of failure)
Press: ? - help, Shift-Dir - straight line, f/p - adder
Aim: an adder (severely wounded, 100% to hit)
The magic dart hits the adder.
You kill the adder!
* * * LOW HITPOINT WARNING * * *
You feel very sick.
Your Summonings skill increases to level 2!
It was a potion of flight.
You feel very buoyant.
You fly up into the air.
You die...

...........#
......)....#
...........#
...........#
...........#
...........#
......†.!..#
#@.# ##..#
#..## ##.##
..######..#
.......<..#
..###.†.#.#
#..##.# #.#
#.#


There were no monsters in sight!

Vanquished Creatures
  2 adders (D:2)
  An endoplasm (D:1)
  2 giant cockroaches (D:1)
  5 goblins
  A hobgoblin (D:1)
  2 jackals (D:1)
  A kobold (D:1)
  2 quokkas
  7 ball pythons (D:1)
  2 bats
  A frilled lizard (D:1)
  4 rats (D:1)
30 creatures vanquished.

Notes
Turn   | Place    | Note
-------+----------+-------------------------------------------
     0 | D:1      | hikkokomori the Deep Elf Hedge Wizard began the quest for
                  | the Orb.
     0 | D:1      | Reached XP level 1. HP: 10/10 MP: 7/7
   184 | D:1      | Reached XP level 2. HP: 15/15 MP: 5/9
   902 | D:2      | Reached XP level 3. HP: 19/19 MP: 11/11
   974 | D:2      | Succumbed to an adder's poison

Illustrated notes

Levels and vault maps discovered:
D:1:      scummos_arrival_simple_fountains, layout_rooms, wad_floor_pattern_2
D:2:      layout_rooms, serial_corexii_hall, chequers_hall_statues_y,
          corexii_hall_statues_s, chequers_hall_statues_wall_a,
          minmay_octomino_e4

Skill      XL: |  1  2  3 |
---------------+----------+-----
Stealth        | 3 |  3.1
Summonings     | 2 |  2.0
Dodging        | |  2.4
Spellcasting   | |  4.8
Conjurations   | |  1.9
Translocations | |  1.9

Action                     || total
---------------------------++-------
  Melee: Dagger            ||    32
   Cast: Magic Dart        ||    56
    Use: Potion            ||     1
   Stab: Sleeping          ||     2
 Armour: Robe              ||     8
  Dodge: Dodged            ||    28

Table legend: (Time is in decaauts)
 A = Elapsed time spent in this place.
 B = Non-inter-level travel time spent in this place.
 C = Inter-level travel time spent in this place.
 D = Time resting spent in this place.
 E = Time spent auto-exploring this place.
 F = Levels seen in this place.
 G = Mean time per level.
                   A        B        C        D        E       F      G
               +--------+--------+--------+--------+--------+-----+--------+
         Total |    973 |    935 |     38 |      0 |    758 |   2 |  486.5 |
       Dungeon |    973 |    935 |     38 |      0 |    758 |   2 |  486.5 |
               +--------+--------+--------+--------+--------+-----+--------+

Top non-repeatable levels by time:
     D:1: 900 daAuts
     D:2: 73 daAuts
